 Dungeon Crawl Stone Soup version 0.28-a0-1395-g4f6bc678fa (webtiles) character file.

Game seed: 8685983348709460532

9 eustatius the Cudgeller (level 2, 0/27 HPs)
             Began as a Troll Wanderer on Jan 5, 2022.
             Was a Follower of Vehumet.
             Succumbed to a kobold's poison
             ... on level 1 of the Dungeon.
             The game lasted 00:02:40 (213 turns).

eustatius the Cudgeller (Troll Wanderer)             Turns: 213, Time: 00:02:40

Health: 0/27       AC:  4    Str: 18    XL:     2   Next: 3%
Magic:  0/2        EV:  9    Int:  9    God:    Vehumet [*.....]
Gold:   8          SH:  0    Dex:  9    Spells: 1/3 levels left

rFire   . . .      SeeInvis .   a - +2 mace
rCold   . . .      Faith    .   (no shield)
rNeg    . . .      Spirit   .   c - +0 robe
rPois   .          Reflect  .   b - +0 hat
rElec   .          Harm     .   (no cloak)
rCorr   .          Rampage  .   (gloves unavailable)
Will    .....                   (boots unavailable)
Stlth   +.........              (no amulet)
HPRegen 0.89/turn               (no ring)
MPRegen 0.08/turn               (no ring)

@: lethally poisoned (0 -> -9)
A: large, unfitting armour, claws 3, regeneration 1, shaggy fur 1, tough skin 1
a: Renounce Religion


You were on level 1 of the Dungeon.
You worshipped Vehumet.
Vehumet was aware of your devotion.
You visited 1 branch of the dungeon, and saw 1 of its levels.

You collected 8 gold pieces.

Inventory:

Hand Weapons
 a - a +2 mace (weapon)
Armour
 b - a +0 hat (worn)
 c - a +0 robe (worn)
Potions
 d - a potion of flight {unknown}


   Skills:
 + Level 1.0 Fighting
 + Level 4.1 Maces & Flails
 + Level 1.0 Dodging
 + Level 1.0 Spellcasting
 + Level 1.3 Ice Magic
 + Level 1.0 Evocations


You had one spell level left.
You knew the following spells:

 Your Spells              Type           Power      Damage    Failure   Level
a - Freeze                Ice            8%         1d3       22%         1
b - Sandblast             Erth           0%         2d4       36%         1

Your spell library contained the following spells:

 Spells                   Type           Power      Damage    Failure   Level
 Frozen Ramparts          Ice            4%         1d2       54%         3


Dungeon Overview and Level Annotations

Branches:
Dungeon (1/15)

Altars:
Vehumet


Innate Abilities, Weirdness & Mutations

You are too large for most types of armour.
You have claws for hands.
Your natural rate of healing is unusually fast.
You are covered in fur. (AC +1)
You have tough skin. (AC +1)


Message History

You miscast Freeze.
You are very lightly contaminated with residual magic.
Nothing appears to happen.
The kobold barely misses you.
Casting: Freeze (safe; 22% risk of failure)
Confirm with . or Enter, or press ? or * to list all spells.
Aiming: Freeze (safe; 22% risk of failure)
Press: ? - help, Shift-Dir - straight line, f/p - kobold
Aim: a kobold, wielding a +2 short sword of venom and quivering stones (moderately wounded)
You freeze the kobold.
The kobold is severely wounded.
The kobold hits you with a +2 short sword of venom.
You are poisoned.
You closely miss the kobold.
The kobold is severely wounded.
You feel very sick. The kobold closely misses you.
You barely miss the kobold.
The kobold is severely wounded.
You feel sick.
The kobold hits you with a +2 short sword of venom.
You are more poisoned.
You closely miss the kobold.
The kobold is severely wounded.
You feel very sick.
The kobold hits you with a +2 short sword of venom.
You are lethally poisoned!
The kobold hits you but does no damage.
You are more poisoned.
You sock the kobold!
You kill the kobold!
Vehumet accepts your kill.
* * * LOW HITPOINT WARNING * * *
You feel extremely sick.
Found 12 gold pieces.
* * * LOW HITPOINT WARNING * * *
You feel very sick.
Your magical contamination has completely faded away.
Things that are here:
a +2 short sword of venom; 3 stones You die...

.#.#.###.##.#
###.####....###
...#..##..#.#
.....#....#
.####.###...# #..#
#.##.## .. .# ...# #..#
#.##..## .## .. .#.#
#..###.###..# .# ...
##.. ##..##.# ##.# ##
##. #......####.#
.###.######.####...##.##
.$.....@)...# #.#......
######.......# #>######.
#.#.###..##.# #. ...#..
#..... ## #..###.# ###.#
#.### .... .. #.# #....
..... ##. #.# ###.. # .
..... ## #.. ## .# .#
#..


There were no monsters in sight!

Vanquished Creatures
  A bat (D:1)
  An endoplasm (D:1)
  2 hobgoblins (D:1)
  A quokka (D:1)
  A goblin (D:1)
  2 kobolds (D:1)
8 creatures vanquished.

Notes
Turn   | Place    | Note
-------+----------+-------------------------------------------
     0 | D:1      | eustatius the Troll Wanderer began the quest for the Orb.
     0 | D:1      | eustatius set off with the following items: a +2 mace, a +0
                  | hat, a +0 robe; and the following spell memorised: Freeze;
                  | and the following spells available to memorise: Frozen
                  | Ramparts
     0 | D:1      | Reached XP level 1. HP: 19/19 MP: 1/1
    72 | D:1      | Reached skill level 4 in Maces & Flails
    92 | D:1      | Reached XP level 2. HP: 26/27 MP: 0/2
   122 | D:1      | Found a faded altar of an unknown god.
   126 | D:1      | Prayed at the altar of an unknown god.
   126 | D:1      | Became a worshipper of Vehumet
   126 | D:1      | Reached * piety under Vehumet
   126 | D:1      | Offered knowledge of Sandblast by Vehumet.
   133 | D:1      | Learned a level 1 spell: Sandblast
   213 | D:1      | Succumbed to a kobold's poison

Illustrated notes

Levels and vault maps discovered:
D:1:      amcnicky_arrival_double_pillar, layout_rooms, basic_ecumenical_altar

Skill      XL: |  1 |
---------------+----+-----
Maces & Flails | 4 |  4.1
Fighting       | |  1.0
Dodging        | |  1.0
Spellcasting   | |  1.0
Ice Magic      | |  1.3
Evocations     | |  1.0

Action                   || total
-------------------------++-------
Melee: Mace              ||    20
 Cast: Freeze            ||     1
Armor: Robe              ||     5
Dodge: Dodged            ||    24

Table legend: (Time is in decaauts)
 A = Elapsed time spent in this place.
 B = Non-inter-level travel time spent in this place.
 C = Inter-level travel time spent in this place.
 D = Time resting spent in this place.
 E = Time spent auto-exploring this place.
 F = Levels seen in this place.
 G = Mean time per level.
                   A        B        C        D        E       F      G
               +--------+--------+--------+--------+--------+-----+--------+
         Total |    217 |    200 |     17 |      0 |     35 |   1 |  217.0 |
       Dungeon |    217 |    200 |     17 |      0 |     35 |   1 |  217.0 |
               +--------+--------+--------+--------+--------+-----+--------+

Top non-repeatable levels by time:
     D:1: 217 daAuts
